[Event "Titled Tuesday Blitz August 09 Early 2022"]
[White "Stepanencu, Nicodim-Cosmin"]
[Black "Broca Jimenez, Fernando"]
[WhiteFideId "1256220"]
[BlackFideId "5104742"]
[WhiteElo "1941"]
[BlackElo "2062"]
[Result "1-0"]
[Round "01"]
[TimeControl "180+1"]
[Date "2022.08.09"]
[WhiteClock "0:01:27"]
[BlackClock "0:00:02"]

1. d4 Nf6 2. Bg5 Ne4 3. Bf4 c5 4. f3 Nf6 5. dxc5 Qa5+ 6. Nc3 Qxc5 7. e4 g6 8. Qd2 Bg7 9. Nge2 O-O 10. Bh6 Bxh6 11. Qxh6 d5 12. e5 Ne8 13. O-O-O Nc6 14. Rxd5 Qb4 15. h4 Ng7 16. g4 a6 17. h5 gxh5 18. Nf4 Be6 19. Nxh5 Nxh5 20. Rxh5 1-0


[Site "https://www.chess.com"]

[Event "Titled Tuesday Blitz August 09 Early 2022"]
[White "Sychev, Klementy"]
[Black "Martin Alvarez, Inigo"]
[WhiteFideId "4114060"]
[BlackFideId "2259354"]
[WhiteElo "2564"]
[BlackElo "2280"]
[Result "1-0"]
[Round "01"]
[TimeControl "180+1"]
[Date "2022.08.09"]
[WhiteClock "0:00:39"]
[BlackClock "0:00:23"]

1. d4 f5 2. e4 d6 3. Nc3 g6 4. Bg5 h6 5. Be3 Bg7 6. exf5 Bxf5 7. Bd3 Qd7 8. Nf3 Nc6 9. Nh4 O-O-O 10. Nxg6 Bxg6 11. Bxg6 Nf6 12. O-O h5 13. h3 e5 14. d5 Ne7 15. Bf7 Kb8 16. Be6 Qe8 17. a4 Bh6 18. Qd2 Qf8 19. Bxa7+ Kxa7 20. Nb5+ Kb6 21. Qd3 e4 22. Qd4+ c5 23. dxc6+ Kxc6 24. Qc4+ Kb6 25. a5+ Ka6 26. Nc7+ Ka7 27. a6 Nc6 28. Qb5 Rb8 29. axb7+ 1-0


[Site "https://www.chess.com"]

[Event "Titled Tuesday Blitz August 09 Early 2022"]
[White "Taboas Rodriguez, Daniel"]
[Black "Quispe Santacruz, Javier"]
[WhiteFideId "2208466"]
[BlackFideId "3800920"]
[WhiteElo "2429"]
[BlackElo "1929"]
[Result "1-0"]
[Round "01"]
[TimeControl "180+1"]
[Date "2022.08.09"]
[WhiteClock "0:02:43"]
[BlackClock "0:01:23"]

1. d4 d5 2. Nf3 Nf6 3. c4 c6 4. cxd5 cxd5 5. Nc3 Nc6 6. Bf4 a6 7. Rc1 Bf5 8. e3 e6 9. Qb3 b5 10. Nxb5 axb5 11. Bxb5 Qa5+ 12. Ke2 1-0


[Site "https://www.chess.com"]

[Event "Titled Tuesday Blitz August 09 Early 2022"]
[White "Tatarinov, Dmitry"]
[Black "Gatterer, Florian"]
[WhiteFideId "24160067"]
[BlackFideId "811688"]
[WhiteElo "2324"]
[BlackElo "2218"]
[Result "1-0"]
[Round "01"]
[TimeControl "180+1"]
[Date "2022.08.09"]
[WhiteClock "0:02:24"]
[BlackClock "0:01:11"]

1. d4 d5 2. Nf3 Nf6 3. c4 e6 4. Nc3 c5 5. cxd5 Nxd5 6. e4 Nxc3 7. bxc3 cxd4 8. cxd4 Bb4+ 9. Bd2 Bxd2+ 10. Qxd2 O-O 11. Bc4 Nd7 12. O-O b6 13. Rad1 Bb7 14. Rfe1 Rc8 15. Bb3 h6 16. h3 Qf6 17. d5 exd5 18. e5 Qg6 19. Nd4 Nc5 20. Bc2 Ne4 21. Qe3 Qg5 22. f4 Qh5 23. g4 Qh4 24. Nf5 Qxe1+ 25. Rxe1 Rxc2 26. Rc1 Rfc8 27. Ne7+ Kf8 28. Nxc8 Bxc8 29. Rxc2 1-0


[Site "https://www.chess.com"]

[Event "Titled Tuesday Blitz August 09 Early 2022"]
[White "Terrieux, Kevin"]
[Black "Mouhamad, Joachim"]
[WhiteFideId "622591"]
[BlackFideId "656410"]
[WhiteElo "2461"]
[BlackElo "2147"]
[Result "1-0"]
[Round "01"]
[TimeControl "180+1"]
[Date "2022.08.09"]
[WhiteClock "0:02:05"]
[BlackClock "0:01:26"]

1. d4 Nf6 2. f3 c5 3. d5 e6 4. c4 exd5 5. cxd5 d6 6. Nc3 g6 7. e4 Bg7 8. Nge2 O-O 9. Ng3 h5 10. Bg5 Nbd7 11. Be2 a6 12. a4 Qe8 13. Qd2 Nh7 14. Bh4 f6 15. f4 Qe7 16. O-O Bh6 17. Qc2 Qg7 18. Bxh5 gxh5 19. Nf5 Qe7 20. Nxe7+ 1-0


[Site "https://www.chess.com"]

[Event "Titled Tuesday Blitz August 09 Early 2022"]
[White "Thiel, Thomas"]
[Black "Al-Tarboush, Ward"]
[WhiteFideId "4615964"]
[BlackFideId "7601450"]
[WhiteElo "2227"]
[BlackElo "2234"]
[Result "1-0"]
[Round "01"]
[TimeControl "180+1"]
[Date "2022.08.09"]
[WhiteClock "0:00:39"]
[BlackClock "0:00:30"]

1. e4 c5 2. Nc3 Nc6 3. Bb5 e6 4. Bxc6 bxc6 5. f4 Ne7 6. Nf3 Qc7 7. d3 f6 8. O-O Ng6 9. f5 Ne5 10. Nxe5 Qxe5 11. fxe6 Qxe6 12. Be3 Be7 13. Qh5+ g6 14. Qh6 d6 15. Rae1 Bd7 16. d4 cxd4 17. Bxd4 Rb8 18. b3 a5 19. Nd5 Rf8 20. Nc7+ Kd8 21. Nxe6+ Bxe6 22. Qg7 c5 23. Bxf6 Rxf6 24. Rxf6 Bxf6 25. Qxf6+ Kd7 26. Rd1 Re8 27. Qc3 Kc6 28. Qxa5 Bc8 29. Qa4+ 1-0


[Site "https://www.chess.com"]

[Event "Titled Tuesday Blitz August 09 Early 2022"]
[White "Todorovic, Bojan"]
[Black "Skawinski, Arkadiusz"]
[WhiteFideId "917087"]
[BlackFideId "1126415"]
[WhiteElo "2266"]
[BlackElo "2149"]
[Result "0-1"]
[Round "01"]
[TimeControl "180+1"]
[Date "2022.08.09"]
[WhiteClock "0:00:01"]
[BlackClock "0:00:03"]

1. d4 d5 2. c4 e6 3. Nc3 c6 4. Nf3 dxc4 5. e3 b5 6. a4 Bb4 7. Bd2 a5 8. axb5 Bxc3 9. Bxc3 cxb5 10. b3 Bb7 11. bxc4 b4 12. Bb2 Nf6 13. Bd3 O-O 14. O-O Nbd7 15. Nd2 Qc7 16. f4 a4 17. Ra2 Rfd8 18. Qe2 Qd6 19. e4 b3 20. e5 Qb6 21. Raa1 a3 22. Bc3 b2 23. Ra2 Ne8 24. Kh1 g6 25. f5 exf5 26. d5 Nc5 27. Bc2 Ng7 28. Bd4 Rxd5 29. cxd5 Bxd5 30. Bb1 Nge6 31. Be3 Qc6 32. Nf3 Ne4 33. Bxe4 fxe4 34. Nd4 Nxd4 35. Bxd4 Bxa2 36. e6 Bxe6 37. Qf2 Rd8 38. Qf6 Rxd4 39. Qxd4 Qd5 40. Qf6 a2 0-1


[Site "https://www.chess.com"]

[Event "Titled Tuesday Blitz August 09 Early 2022"]
[White "Tomb, Maroun"]
[Black "Kiseljova, Marya"]
[WhiteFideId "5300398"]
[BlackFideId "4155009"]
[WhiteElo "2528"]
[BlackElo "1697"]
[Result "1-0"]
[Round "01"]
[TimeControl "180+1"]
[Date "2022.08.09"]
[WhiteClock "0:00:12"]
[BlackClock "0:00:01"]

1. e4 c5 2. Ne2 Nc6 3. Nbc3 e6 4. d4 cxd4 5. Nxd4 d5 6. exd5 exd5 7. Be2 Nf6 8. Bg5 Be7 9. O-O O-O 10. Bf3 Ne4 11. Bxe7 Nxc3 12. Bxd8 Nxd1 13. Nxc6 bxc6 14. Be7 Nxb2 15. Bxf8 Kxf8 16. Rab1 Nc4 17. Rfd1 Bf5 18. Rb7 Bxc2 19. Re1 Nd6 20. Rd7 Nf5 21. g4 Nd4 22. Bg2 a5 23. Ree7 Bg6 24. Ra7 Re8 25. Rxe8+ Kxe8 26. Rxa5 Ne2+ 27. Kf1 Nf4 28. h4 Bd3+ 29. Kg1 Ne2+ 30. Kh2 Nc3 31. Ra3 d4 32. Bxc6+ 1-0


[Site "https://www.chess.com"]

[Event "Titled Tuesday Blitz August 09 Early 2022"]
[White "Tuleyeva-Aketayeva, Dana"]
[Black "Ponce Cano, Adrian"]
[WhiteFideId "13701932"]
[BlackFideId "22296913"]
[WhiteElo "1849"]
[BlackElo "2261"]
[Result "0-1"]
[Round "01"]
[TimeControl "180+1"]
[Date "2022.08.09"]
[WhiteClock "0:00:02"]
[BlackClock "0:01:21"]

1. d4 d5 2. Nf3 e6 3. g3 Nf6 4. Bg2 c5 5. c3 Nc6 6. O-O Be7 7. Nbd2 O-O 8. Re1 cxd4 9. Nxd4 Qb6 10. N2b3 e5 11. Nxc6 bxc6 12. Be3 Qc7 13. Bc5 a5 14. a4 Bg4 15. h3 Bf5 16. Rc1 Rfb8 17. Bxe7 Qxe7 18. g4 Be4 19. Bxe4 Nxe4 20. f3 Ng5 21. Kg2 Ne6 22. e3 Qb7 23. Nd2 Qxb2 24. Rc2 Qb6 25. c4 Rd8 26. c5 Nxc5 27. Qc1 Nd3 28. Rxc6 Qb4 29. Qd1 Nxe1+ 30. Qxe1 Qxa4 31. Qc1 Qb4 32. Nf1 a4 33. Ng3 a3 34. e4 Qb2+ 0-1


[Site "https://www.chess.com"]

[Event "Titled Tuesday Blitz August 09 Early 2022"]
[White "Vargas, Mauricio"]
[Black "Vagman, Roy"]
[WhiteFideId "4404572"]
[BlackFideId "2828995"]
[WhiteElo "2004"]
[BlackElo "1956"]
[Result "0-1"]
[Round "01"]
[TimeControl "180+1"]
[Date "2022.08.09"]
[WhiteClock "0:01:29"]
[BlackClock "0:01:50"]

1. e4 c5 2. Nc3 Nc6 3. f4 e6 4. Nf3 d5 5. e5 h5 6. Bb5 Bd7 7. Bxc6 Bxc6 8. O-O d4 9. Ne2 Nh6 10. d3 Nf5 11. Qe1 Be7 12. Ng3 g6 13. Ne4 Qd5 14. Nfg5 Bxg5 15. fxg5 O-O-O 16. Bf4 h4 17. Rf2 h3 18. g3 b6 19. Kf1 Kb8 20. Ke2 c4 21. Rc1 Bb5 22. b3 cxd3+ 23. cxd3 Qxe4+ 24. Kd2 Qxd3# 0-1


[Site "https://www.chess.com"]

[Event "Titled Tuesday Blitz August 09 Early 2022"]
[White "Vasques, Antonio Pedro Freixial"]
[Black "Gurevich, Dmitry"]
[WhiteFideId "1908332"]
[BlackFideId "2000407"]
[WhiteElo "2243"]
[BlackElo "2506"]
[Result "0-1"]
[Round "01"]
[TimeControl "180+1"]
[Date "2022.08.09"]
[WhiteClock "0:00:18"]
[BlackClock "0:00:20"]

1. e4 c5 2. Nf3 d6 3. d4 cxd4 4. Nxd4 Nf6 5. Nc3 Nc6 6. Bg5 e6 7. Qd2 Be7 8. O-O-O O-O 9. Kb1 Nxd4 10. Qxd4 Nxe4 11. Nxe4 Bxg5 12. Nxg5 Qxg5 13. Qxd6 b6 14. h4 Qf6 15. Qc7 e5 16. Bd3 Bf5 17. f3 Rfc8 18. Qb7 h6 19. Rhe1 g6 20. h5 gxh5 21. Qd5 Re8 22. Rh1 Rad8 23. Qb5 Bg6 24. Be4 Bxe4 25. fxe4 Kg7 26. a4 h4 27. Qe2 Qg5 28. Qf3 Rxd1+ 29. Rxd1 Rd8 30. Rf1 Rd7 31. b3 a5 32. Kb2 Kg6 33. Rh1 Rd2 34. Rf1 f6 35. Qc3 Rxg2 36. Qc8 Kh7 37. Qd7+ Qg7 38. Qf5+ Rg6 39. Rh1 Qc7 40. Rxh4 Kg7 41. Rg4 Rg5 42. Qf3 Qf7 43. Rxg5+ fxg5 44. c4 Qxf3 0-1


[Site "https://www.chess.com"]

[Event "Titled Tuesday Blitz August 09 Early 2022"]
[White "Vasquez Schroeder, Rodrigo"]
[Black "Malka, Samuel"]
[WhiteFideId "3400042"]
[BlackFideId "20643675"]
[WhiteElo "2567"]
[BlackElo "2499"]
[Result "0-1"]
[Round "01"]
[TimeControl "180+1"]
[Date "2022.08.09"]
[WhiteClock "0:01:02"]
[BlackClock "0:00:15"]

1. e4 e5 2. Nf3 Nc6 3. Bb5 a6 4. Ba4 Nf6 5. O-O Be7 6. Re1 b5 7. Bb3 O-O 8. h3 Bb7 9. d3 Na5 10. Nxe5 Nxb3 11. axb3 d5 12. exd5 Qxd5 13. Qf3 Bd6 14. Nc3 Qxe5 15. Rxe5 Bxf3 16. Re1 Bb7 17. Bd2 Rfe8 18. Kf1 Kf8 19. Bg5 Rxe1+ 20. Rxe1 Re8 21. Ra1 Nd7 22. Be3 h6 23. Ne2 Nf6 24. Nc3 Ng8 25. Ne2 Ne7 26. Bd2 Nf5 27. Nc3 Nh4 28. f3 Nf5 29. Ne4 Nd4 30. Rc1 Be7 31. Be3 Nf5 32. Bf2 Bxe4 33. fxe4 Bg5 34. Re1 Nd6 35. Ra1 Ra8 36. Be1 Ke8 37. Ke2 Kd7 38. Kf3 f5 39. e5 Nf7 40. d4 c5 41. c3 cxd4 42. cxd4 Ke6 43. Bc3 Nd8 44. b4 Nc6 45. Ke2 Ne7 46. Kd3 Nd5 47. g3 Be7 48. Rc1 Rc8 49. Ra1 Rc6 50. g4 fxg4 51. hxg4 Bxb4 52. Bxb4 Nxb4+ 53. Ke4 Nd5 54. Rf1 Rc2 55. Rf8 Rxb2 56. Re8+ Ne7 57. Ra8 Ra2 58. Rd8 Ra4 59. Rd6+ Kf7 60. Rd7 b4 61. Rb7 a5 62. d5 b3+ 63. Kd3 Rb4 64. Rxb4 axb4 65. d6 Ke6 66. dxe7 Kxe7 67. Kc4 Ke6 68. Kxb3 Kxe5 69. Kxb4 Kf4 70. g5 Kxg5 0-1


[Site "https://www.chess.com"]

[Event "Titled Tuesday Blitz August 09 Early 2022"]
[White "Vazquez Espino, Uriel"]
[Black "Costachi, Mihnea"]
[WhiteFideId "5119138"]
[BlackFideId "1217518"]
[WhiteElo "2401"]
[BlackElo "2437"]
[Result "0-1"]
[Round "01"]
[TimeControl "180+1"]
[Date "2022.08.09"]
[WhiteClock "0:00:15"]
[BlackClock "0:00:41"]

1. e4 c5 2. Nf3 d6 3. Bb5+ Nd7 4. O-O g6 5. d4 Bg7 6. c3 cxd4 7. cxd4 a6 8. Be2 Ngf6 9. Nc3 O-O 10. h3 b5 11. a3 Bb7 12. e5 Nd5 13. exd6 exd6 14. Ne4 N7f6 15. Ng3 Re8 16. Re1 h6 17. Bd2 Ne4 18. Nxe4 Rxe4 19. Bd3 Rxe1+ 20. Qxe1 Qf6 21. Qe4 Rb8 22. Qg4 Bc8 23. Qg3 Bf8 24. Re1 Bf5 25. Bf1 Rc8 26. a4 Bd7 27. Bc1 Nb4 28. Qf4 Qxf4 29. Bxf4 bxa4 30. Bd2 a5 31. Bc3 a3 32. Ra1 Nc2 33. Ra2 Be6 34. Bd3 Bxa2 35. Bxc2 Bd5 0-1


[Site "https://www.chess.com"]

[Event "Titled Tuesday Blitz August 09 Early 2022"]
[White "Vifleemskaia, Svetlana"]
[Black "Melikyan, Gnel"]
[WhiteFideId "4129490"]
[BlackFideId "54109990"]
[WhiteElo "1929"]
[BlackElo "1772"]
[Result "0-1"]
[Round "01"]
[TimeControl "180+1"]
[Date "2022.08.09"]
[WhiteClock "0:00:07"]
[BlackClock "0:00:50"]

1. d4 Nf6 2. c4 g6 3. Nc3 Bg7 4. e4 d6 5. Nge2 O-O 6. Ng3 c5 7. d5 e6 8. Be2 exd5 9. cxd5 Re8 10. O-O a6 11. a4 Nbd7 12. Bf4 Ne5 13. Qd2 Bd7 14. Bh6 b5 15. Bxg7 Kxg7 16. axb5 axb5 17. Nxb5 Qb6 18. Nc3 Rxa1 19. Rxa1 Rb8 20. Ra2 Qb3 21. Bd1 Qb4 22. b3 c4 23. bxc4 Nxc4 24. Qd4 Ne5 25. Qxb4 Rxb4 26. f3 Rc4 27. Ra3 Be8 28. Be2 Rc5 29. Kf2 h5 30. h4 Nc4 31. Bxc4 Rxc4 32. Nge2 Kf8 33. Ke3 Nd7 34. Ra4 Rc5 35. Ra6 Ke7 36. Ra7 f5 37. Kd3 Kf6 38. Ra6 Ne5+ 39. Kc2 Ke7 40. Ra7+ Bd7 41. Nd4 Rc4 42. Ne2 fxe4 43. fxe4 Kd8 44. Ra8+ Kc7 45. Rg8 Bg4 46. Kd2 Bxe2 47. Nxe2 Rxe4 48. Rxg6 Nxg6 0-1


[Site "https://www.chess.com"]

[Event "Titled Tuesday Blitz August 09 Early 2022"]
[White "Vlassov, Nikolai"]
[Black "Avalos Parra, Joao"]
[WhiteFideId "4103360"]
[BlackFideId "3402541"]
[WhiteElo "2324"]
[BlackElo "2173"]
[Result "0-1"]
[Round "01"]
[TimeControl "180+1"]
[Date "2022.08.09"]
[WhiteClock "0:00:26"]
[BlackClock "0:00:58"]

1. e4 e5 2. Bc4 Nf6 3. d3 Nc6 4. Nf3 Bc5 5. Bg5 h6 6. Bh4 g5 7. Bg3 d6 8. Nfd2 Bg4 9. f3 Be6 10. Nc3 a6 11. Nd5 Na5 12. Nxf6+ Qxf6 13. Bxe6 fxe6 14. c3 Ba7 15. h4 O-O-O 16. b4 Nc6 17. a4 d5 18. Qe2 d4 19. b5 dxc3 20. Nc4 Nb4 21. Bxe5 Qe7 22. Bxh8 Nxd3+ 23. Kf1 Nf4 24. Qc2 Qc5 25. b6 Qxc4+ 26. Kg1 Bxb6+ 27. Kh2 Rd2 0-1


[Site "https://www.chess.com"]

[Event "Titled Tuesday Blitz August 09 Early 2022"]
[White "Volkov, Maksim"]
[Black "Cannon, David"]
[WhiteFideId "54123070"]
[BlackFideId "3213110"]
[WhiteElo "2155"]
[BlackElo "1901"]
[Result "1-0"]
[Round "01"]
[TimeControl "180+1"]
[Date "2022.08.09"]
[WhiteClock "0:00:31"]
[BlackClock "0:01:23"]

1. d4 Nf6 2. c4 g6 3. g3 Bg7 4. Bg2 O-O 5. Nc3 d6 6. Nf3 Nc6 7. O-O a6 8. d5 Na5 9. b3 c5 10. dxc6 Nxc6 11. Bg5 Be6 12. Rc1 Rc8 13. Qd2 Re8 14. Rfd1 Qa5 15. Bh6 Bh8 16. Ne1 b5 17. cxb5 axb5 18. Nd3 b4 19. Na4 d5 20. Rc5 Qa7 21. Rdc1 Nd4 22. Nxb4 Rxc5 23. Nxc5 Ng4 24. Be3 Nxe3 25. Qxe3 Rc8 26. Nxe6 Rxc1+ 27. Bf1 Rc8 28. Nf4 e6 29. Nfd3 Qc7 30. h4 Nc2 31. Nxc2 Qxc2 32. Qa7 h5 33. Nf4 Be5 34. Nd3 Bf6 35. Qa6 Kg7 36. Nb4 Qd2 37. Qxc8 Qxb4 38. Qc2 Qe1 39. e3 g5 40. hxg5 Bxg5 41. Qe2 Qc3 42. Qxh5 1-0


[Site "https://www.chess.com"]

[Event "Titled Tuesday Blitz August 09 Early 2022"]
[White "Wagh Suyog"]
[Black "Karas, Marek"]
[WhiteFideId "25071688"]
[BlackFideId "14928558"]
[WhiteElo "2130"]
[BlackElo "2272"]
[Result "1-0"]
[Round "01"]
[TimeControl "180+1"]
[Date "2022.08.09"]
[WhiteClock "0:00:13"]
[BlackClock "0:00:05"]

1. d4 Nf6 2. c4 e6 3. Nc3 Bb4 4. e3 O-O 5. Bd2 d5 6. Bd3 c5 7. cxd5 exd5 8. Nf3 Nc6 9. dxc5 Bxc5 10. O-O Bg4 11. Ne2 Bxf3 12. gxf3 Ne5 13. Nc1 Nxd3 14. Nxd3 Bd6 15. Kh1 Nh5 16. f4 Qh4 17. Qf3 Nf6 18. Rg1 Ne4 19. Rad1 Rad8 20. Be1 Rfe8 21. Qg2 Qh6 22. Nc1 Be7 23. Ne2 Bf6 24. b3 Qh5 25. f3 Nd6 26. Ng3 Qg6 27. Rxd5 Rxe3 28. Qd2 Rxf3 29. Rxd6 Rxd6 30. Qxd6 h5 31. Qd5 Re3 32. Nxh5 Qh6 33. Nxf6+ Qxf6 34. Qg5 Qc6+ 35. Qg2 Qxg2+ 36. Kxg2 Re2+ 37. Kf3 Rxa2 38. h4 Ra3 39. Bf2 Rxb3+ 40. Ke4 Rb4+ 41. Bd4 g6 42. Rc1 f6 43. Kd5 Kg7 44. Rc7+ Kh6 45. Bxf6 Kh5 46. Bg5 Kg4 47. Kc5 Rb2 48. Kd6 Rd2+ 49. Ke7 Kh5 50. Rxb7 a5 51. Ra7 Rd5 52. Ke6 Rf5 53. Rh7+ Kg4 54. Ra7 Kh5 55. Ra6 Kg4 56. Kd7 Kh5 57. Kc7 Rd5 58. Kb6 Rd6+ 59. Kxa5 Rd5+ 60. Kb4 Rd1 61. Rc6 Rb1+ 62. Kc5 Rc1+ 63. Kd6 Re1 64. Kd7 Re2 65. Re6 Ra2 66. Ke7 Ra8 67. Kf7 Ra7+ 68. Kf6 Ra8 69. Re7 Ra6+ 70. Kg7 Ra8 71. Kh7 Rb8 72. Re5 Rb7+ 73. Re7 Rb8 74. Rg7 Rb6 75. Re7 Rc6 76. Kg8 Rc8+ 77. Kf7 Rc6 78. Re6 Rc7+ 79. Be7 Rc4 80. Rf6 Ra4 81. Bd6 Ra6 82. Be5 Ra7+ 83. Kg8 Ra8+ 84. Kg7 Ra7+ 85. Rf7 Ra6 86. Bf6 Ra4 87. Bg5 Ra6 88. Rb7 Ra4 89. Rb2 Ra7+ 90. Kf6 Ra6+ 91. Ke5 Ra5+ 92. Ke4 Ra4+ 93. Kf3 Ra3+ 94. Kg2 Ra4 95. Rf2 Kg4 96. Rf3 Ra2+ 97. Rf2 Ra3 98. Re2 Rb3 99. Re6 Kh5 100. Rf6 Ra3 101. f5 gxf5 102. Rxf5 Kg4 103. Rf4+ Kh5 104. Rf3 Ra2+ 105. Kg3 Ra4 106. Re3 Rb4 107. Bf4 Rb5 108. Re5+ Rxe5 109. Bxe5 1-0


[Site "https://www.chess.com"]

[Event "Titled Tuesday Blitz August 09 Early 2022"]
[White "Walker, Powell"]
[Black "Yedidia, Daniel"]
[WhiteFideId "2097184"]
[BlackFideId "30905907"]
[WhiteElo "2192"]
[BlackElo "2537"]
[Result "0-1"]
[Round "01"]
[TimeControl "180+1"]
[Date "2022.08.09"]
[WhiteClock "0:00:16"]
[BlackClock "0:00:37"]

1. d4 Nf6 2. Nf3 b6 3. Bf4 Bb7 4. e3 e6 5. c4 d5 6. Nc3 Be7 7. Bd3 O-O 8. h3 Nbd7 9. O-O c5 10. dxc5 Nxc5 11. Be2 Rc8 12. cxd5 Nxd5 13. Nxd5 Qxd5 14. Qxd5 Bxd5 15. Rfd1 Rfd8 16. Rac1 h6 17. b3 f6 18. Nd2 Kf8 19. Nc4 e5 20. Bg3 Ne4 21. Bh2 b5 22. Na5 Rxc1 23. Rxc1 Bb4 24. Nc6 Rc8 25. Bxb5 Ba3 26. Rc2 Nd6 27. Bg3 Nxb5 0-1


[Site "https://www.chess.com"]

[Event "Titled Tuesday Blitz August 09 Early 2022"]
[White "White, John S."]
[Black "Toncheva, Nadya"]
[WhiteFideId "2502348"]
[BlackFideId "2924056"]
[WhiteElo "1600"]
[BlackElo "1888"]
[Result "0-1"]
[Round "01"]
[TimeControl "180+1"]
[Date "2022.08.09"]
[WhiteClock "0:01:17"]
[BlackClock "0:01:44"]

1. e4 c5 2. Nf3 Nc6 3. d4 cxd4 4. Nxd4 g6 5. Nc3 Bg7 6. Bc4 Nxd4 7. Be3 Nc6 8. O-O Nf6 9. f4 O-O 10. Kh1 d6 11. Qf3 a6 12. Rad1 Qa5 13. Bd3 Bg4 14. Qg3 Bxd1 15. Rxd1 Rac8 16. h4 Nh5 17. Qg4 Nb4 18. f5 Nxd3 19. Rxd3 Qe5 20. Bd4 Qf4 21. Qe2 Bxd4 22. Nd5 Qxh4+ 23. Rh3 Ng3+ 24. Kh2 Qxh3+ 25. Kxh3 Nxe2 26. Nxe7+ Kg7 27. Nxc8 Rxc8 28. f6+ Kxf6 0-1


[Site "https://www.chess.com"]

[Event "Titled Tuesday Blitz August 09 Early 2022"]
[White "Williams, Simon K"]
[Black "Fajdetic, Hrvoje"]
[WhiteFideId "404454"]
[BlackFideId "14501945"]
[WhiteElo "2468"]
[BlackElo "2172"]
[Result "0-1"]
[Round "01"]
[TimeControl "180+1"]
[Date "2022.08.09"]
[WhiteClock "0:00:14"]
[BlackClock "0:00:05"]

1. d4 e6 2. Nf3 f5 3. e4 fxe4 4. Ng5 d5 5. f3 e3 6. Bxe3 Be7 7. f4 Nf6 8. Bd3 c5 9. Nxe6 Bxe6 10. dxc5 Na6 11. c6 Nc5 12. cxb7 Nxd3+ 13. Qxd3 Rb8 14. Qa6 Qd7 15. Bxa7 Rxb7 16. Bd4 O-O 17. Nd2 Ne4 18. Nxe4 dxe4 19. O-O-O Qc8 20. Rhe1 Bf5 21. h3 Qa8 22. Qxa8 Rxa8 23. g4 Bd7 24. a3 Bc6 25. Re3 Bh4 26. Rc3 Ra6 27. g5 h6 28. gxh6 gxh6 29. Rg1+ Kh7 30. Rc5 Rf7 31. f5 Bf6 32. Bxf6 Rxf6 33. Re5 Ra7 34. b4 Raf7 35. c4 Rxf5 36. Re6 R5f6 37. Rxf6 Rxf6 38. b5 Bb7 39. a4 Rf5 40. Kd2 Rf3 41. a5 Rd3+ 42. Kc2 Ra3 43. a6 Bxa6 44. bxa6 Rxa6 45. Kc3 Re6 46. Re1 Kg6 47. Kd4 Kf5 48. Rf1+ Kg5 49. Kd5 Re8 50. Re1 e3 51. Kd4 Kf4 52. c5 Kf3 53. Kd3 Kf2 54. Re2+ Kf3 55. Re1 e2 56. c6 Kf2 57. Kd2 Rd8+ 0-1


[Site "https://www.chess.com"]

[Event "Titled Tuesday Blitz August 09 Early 2022"]
[White "Zaichenko, Daria"]
[Black "Kazancev, Valerij M"]
[WhiteFideId "4197453"]
[BlackFideId "4179609"]
[WhiteElo "2039"]
[BlackElo "2547"]
[Result "0-1"]
[Round "01"]
[TimeControl "180+1"]
[Date "2022.08.09"]
[WhiteClock "0:00:03"]
[BlackClock "0:00:14"]

1. e4 c5 2. Nf3 d6 3. d4 cxd4 4. Nxd4 Nf6 5. Nc3 a6 6. Be2 b5 7. Bf3 Ra7 8. O-O e6 9. g3 Rd7 10. Bg2 Bb7 11. a3 Be7 12. f4 h5 13. h3 g6 14. Be3 d5 15. e5 Ne4 16. Nxe4 dxe4 17. c3 Nc6 18. Qc2 O-O 19. Bxe4 Nxd4 20. cxd4 Bxe4 21. Qxe4 Rd5 22. Rac1 Qd7 23. Rc2 Rd8 24. Kg2 b4 25. axb4 Qb5 26. Rfc1 Bxb4 27. g4 hxg4 28. hxg4 Bf8 29. f5 exf5 30. gxf5 gxf5 31. Qxf5 Bg7 32. Qg4 Qd3 33. Rc3 Qh7 34. Rh1 Qg6 35. Qxg6 fxg6 36. Rc6 Rb8 37. Rxg6 Rxb2+ 38. Kf3 Kf7 39. Rhg1 Bxe5 40. dxe5 Rxe5 41. Bd4 Rb3+ 42. Kf4 Rd5 43. Rf6+ Ke8 44. Rg8+ Ke7 45. Rg7+ Ke8 46. Re6+ Kf8 47. Bf6 Rb4+ 48. Re4 Rxe4+ 49. Kxe4 Rb5 50. Ra7 a5 51. Bc3 Rb1 0-1


[Site "https://www.chess.com"]

[Event "Titled Tuesday Blitz August 09 Early 2022"]
[White "Zainullina, Nataliya"]
[Black "Omariev, Maksim"]
[WhiteFideId "4145488"]
[BlackFideId "4193423"]
[WhiteElo "2057"]
[BlackElo "2523"]
[Result "0-1"]
[Round "01"]
[TimeControl "180+1"]
[Date "2022.08.09"]
[WhiteClock "0:00:04"]
[BlackClock "0:00:01"]

1. Nf3 d5 2. g3 Nf6 3. Bg2 c6 4. O-O Bf5 5. d3 e6 6. Nh4 Bg4 7. h3 Bh5 8. g4 Bg6 9. Bg5 Be7 10. Nd2 Nfd7 11. Bxe7 Qxe7 12. Nxg6 hxg6 13. e4 dxe4 14. Nxe4 Na6 15. Qf3 O-O-O 16. Qg3 e5 17. a3 f5 18. gxf5 gxf5 19. Ng5 f4 20. Qg4 Kb8 21. b4 Nc7 22. c4 Nf6 23. Qf3 Nd7 24. Qg4 Rh6 25. Be4 Nf6 26. Qf3 Nxe4 27. Nxe4 Rdh8 28. Kg2 Ne6 29. Rh1 Nd4 30. Qg4 f3+ 31. Kf1 Rh4 32. Qg6 Rxh3 33. Rxh3 Rxh3 34. Ng3 Rh6 35. Qg4 Qf6 36. Rd1 a6 37. Ke1 Qf4 38. Qxg7 Rh2 39. Qg8+ Ka7 40. Qg7 Nb3 0-1


[Site "https://www.chess.com"]

[Event "Titled Tuesday Blitz August 09 Early 2022"]
[White "Zemlyanskii, Ivan"]
[Black "Federzoni, Enzo"]
[WhiteFideId "24249971"]
[BlackFideId "2173301"]
[WhiteElo "1879"]
[BlackElo "1949"]
[Result "1-0"]
[Round "01"]
[TimeControl "180+1"]
[Date "2022.08.09"]
[WhiteClock "0:00:34"]
[BlackClock "0:00:20"]

1. d4 Nf6 2. c4 e6 3. Nf3 Bb4+ 4. Nbd2 O-O 5. a3 Be7 6. e3 c5 7. dxc5 Bxc5 8. Bd3 d5 9. O-O Nc6 10. Qe2 a5 11. b3 e5 12. cxd5 Nxd5 13. Bb2 Re8 14. Rac1 Bf8 15. Rfd1 Bg4 16. h3 Bh5 17. Ne4 Qb6 18. Ng3 Bxf3 19. gxf3 Rad8 20. Bc4 Nf6 21. Ne4 Nxe4 22. fxe4 Rxd1+ 23. Rxd1 Rd8 24. Rd5 Rd6 25. Qg4 Rg6 26. Rd7 Rxg4+ 27. hxg4 Nd8 28. Bxe5 Bxa3 29. Bc7 Qg6 30. Rxd8+ Bf8 31. f3 Qf6 32. Kf2 Qh4+ 33. Kg2 Qe7 34. Bxa5 g6 35. Rc8 Qa3 36. Be1 Kg7 37. Rc7 Be7 38. Bc3+ f6 39. g5 Qd6 40. Rxe7+ Kf8 41. gxf6 Qc5 42. Rxb7 Qg5+ 43. Kf1 Qh4 44. Bb4+ Ke8 45. f7+ Kd8 46. f8=Q# 1-0


[Site "https://www.chess.com"]